 Dungeon Crawl Stone Soup version 0.25-a0-1137-g7f6bfe4 (webtiles) character file.

Game seed: 9443956003791085651, levelgen mode: deterministic

2221 thirtiethelement the Chopper (level 9, -13/69 HPs)
             Began as a Demonspawn Abyssal Knight on May 24, 2020.
             Was an Elder of Lugonu.
             Shot with a bolt by an orc warrior (23 damage)
             ... in a bailey.
             The game lasted 00:33:16 (6037 turns).

thirtiethelement the Chopper (DsAK)                 Turns: 6037, Time: 00:33:17

Health: -13/69     AC: 10    Str: 15    XL:     9   Next: 13%
Magic:  10/10      EV: 12    Int: 14    God:    Lugonu [****..]
Gold:   253        SH:  0    Dex: 13    Spells: 7/8 levels left

rFire    + . .     SeeInvis .   d - +8 hand axe "Muicon" {vorpal, +Blink rF+ rN+}
rCold    . . .     Gourm    .   (no shield)
rNeg     + . .     Faith    .   o - +0 ring mail
rPois    +         Spirit   .   (helmet restricted)
rElec    .         Reflect  .   (no cloak)
rCorr    .         Harm     .   (no gloves)
MR       .....                  (no boots)
Stlth    ++........             (no amulet)
HPRegen  0.21/turn              h - +4 ring of protection
MPRegen  0.12/turn              g - ring of poison resistance

@: no status effects
A: horns 2, demonic guardian 1, powered by pain 2, sturdy frame 1
a: Depart the Abyss, Bend Space, Banish, Corrupt, Renounce Religion, Evoke Blink


You were in a bailey.
You worshipped Lugonu.
Lugonu was greatly pleased with you.
You were not hungry.

You visited 1 branch of the dungeon, and saw 7 of its levels.
You visited the Abyss 1 time.
You also visited: Bailey.

You collected 253 gold pieces.

Inventory:

Hand Weapons
 a - a +2 falchion
 d - the +8 hand axe "Muicon" (weapon) {vorpal, +Blink rF+ rN+}
   (You found it on level 2 of the Abyss)

   It inflicts extra damage upon your enemies.
   It protects you from fire.
   It protects you from negative energy.
   It lets you blink.
 s - a +1 vorpal long sword
Armour
 b - a +0 leather armour
 m - a +0 plate armour
 o - a +0 ring mail (worn)
Jewellery
 e - an uncursed ring of stealth
 f - an uncursed ring of flight
 g - a ring of poison resistance (right hand)
 h - a +4 ring of protection (left hand)
 t - an uncursed ring of protection from magic
Wands
 j - a wand of random effects (17)
 v - a wand of polymorph (3)
 C - a wand of enslavement (9)
Scrolls
 l - a scroll of teleportation
 p - 2 scrolls of fog
 w - 2 scrolls of remove curse
 B - a scroll of magic mapping
 D - a scroll of identify
Potions
 i - a potion of might
 k - a potion of stabbing
 n - 3 potions of heal wounds
 q - 2 potions of lignification
 r - 2 potions of brilliance
 u - a potion of haste
 x - a potion of curing {unknown}
 z - a potion of magic {unknown}
 A - a potion of berserk rage
Comestibles
 c - 3 rations


   Skills:
 + Level 6.1 Fighting
 - Level 1.7 Long Blades
 + Level 7.5 Axes
 * Level 4.6 Armour
 + Level 3.0 Dodging
 + Level 3.2 Stealth
 + Level 0.1 Unarmed Combat
 + Level 2.6 Invocations
 + Level 0.4 Evocations


You had 7 spell levels left.
You knew the following spells:

 Your Spells              Type           Power        Failure   Level  Hunger
a - Foxfire               Conj/Fire      #...         36%         1    ##.....

Your spell library contained the following spells:

 Spells                   Type           Power        Failure   Level  Hunger
 Conjure Flame            Conj/Fire      #.......     75%         3    ####...
 Inner Flame              Hex/Fire       #.......     75%         3    ####...
 Sticky Flame             Conj/Fire      #.......     98%         4    #####..
 Fireball                 Conj/Fire      #.........   100%        5    ######.


Dungeon Overview and Level Annotations

Branches:
Dungeon (7/15)             Temple (0/1) D:4          Bailey (1/1)

Altars:
Cheibriados
Dithmenos
Nemelex Xobeh
Ru
Wu Jian
Xom
Yredelemnul


Innate Abilities, Weirdness & Mutations

You have a pair of horns on your head.
A weak demonic guardian rushes to your aid.
You sometimes gain power by taking damage.
Your movements are slightly less encumbered by armour. (ER -2)


Message History

An orc warrior comes into view. It is wielding a +0 halberd.
Throwing (i - inventory)
y - 3 poisoned darts (quivered)
Press: ? - help, Shift-Dir - straight line, f - orc warrior
Aim: an orc warrior, wielding a +0 halberd and wearing a +0 chain mail You throw a poisoned dart.
The poisoned dart closely misses the orc warrior.
Throwing (i - inventory)
y - 2 poisoned darts (quivered)
Press: ? - help, Shift-Dir - straight line, f/p - orc warrior
Aim: an orc warrior, wielding a +0 halberd and wearing a +0 chain mail You throw a poisoned dart.
The poisoned dart hits the orc warrior.
Throwing (i - inventory)
y - a poisoned dart (quivered)
Press: ? - help, Shift-Dir - straight line, f/p - orc warrior
Aim: an orc warrior, wielding a +0 halberd and wearing a +0 chain mail You throw a poisoned dart.
The poisoned dart hits the orc warrior.
The orc warrior is poisoned.
The orc warrior hits you from afar with a +0 halberd!
The orc warrior hits you with a +0 halberd!
* * * LOW HITPOINT WARNING * * *
The orc warrior shoots a bolt.
The bolt hits you!!
You die...

### #### ##∩##
####
....##...##(...
≈≈≈..#...#..≈≈≈
≈o≈≈.(.....≈≈o≈
.oo≈..)....≈oo.
≈o≈≈.......≈≈o≈
#..o# #.(@#
##∩## ###


You could see 3 orc warriors and an orc.

Vanquished Creatures
  Sigmund (D:5)
  2 orc warriors
  3 sky beasts
  An ogre (D:6)
  A phantom (D:6)
  A centaur (D:6)
  A bullfrog (D:6)
  A scorpion (D:4)
  5 killer bees (D:7)
  3 wights (D:6)
  3 crimson imps
  A bullfrog zombie (D:6)
  A hound (D:4)
  A jelly (D:5)
  3 orc wizards (D:6)
  2 bullfrog skeletons
  Jessica (D:3)
  An iguana (D:6)
  3 worker ants
  Robin (D:3)
  3 gnolls (D:6)
  6 adders
  A shadow imp (D:5)
  2 oozes
  An adder skeleton (D:4)
  2 worms
  2 dart slugs
  3 leopard geckos
  7 orcs
  3 bats
  5 giant cockroaches
  11 hobgoblins
  8 jackals
  6 quokkas
  A ball python (D:3)
  4 frilled lizards
  18 goblins
  A jackal zombie (D:6)
  8 kobolds
  A leopard gecko skeleton (D:4)
  A quokka skeleton (D:3)
  A quokka zombie (D:7)
  6 rats
  2 butterflies (D:2)
139 creatures vanquished.

Vanquished Creatures (collateral kills)
  2 ogres
  A bullfrog (D:6)
  A killer bee (D:7)
  A crimson imp (D:5)
  A worker ant (D:5)
  A goblin (D:3)
7 creatures vanquished.

Grand Total: 146 creatures vanquished

Notes
Turn   | Place    | Note
-------+----------+-------------------------------------------
     0 | Abyss:1  | thirtiethelement the Demonspawn Abyssal Knight began the
                  | quest for the Orb.
     0 | Abyss:1  | Reached XP level 1. HP: 18/18 MP: 2/2
    32 | Abyss:1  | Noticed a storm dragon simulacrum
    39 | Abyss:2  | Got an ancient hand axe
    40 | Abyss:2  | Identified the +8 hand axe "Muicon" {vorpal, +Blink rF+
                  | rN+} (You found it on level 2 of the Abyss)
    49 | Abyss:2  | Noticed an orange demon
    60 | Abyss:2  | Found a corrupted altar of Lugonu.
    76 | Abyss:2  | Noticed a small abomination
    79 | D:1      | Escaped the Abyss
   552 | D:1      | Reached * piety under Lugonu
   552 | D:1      | Gained mutation: Your movements are slightly less
                  | encumbered by armour. (ER -2) [demonic ancestry]
   552 | D:1      | Reached XP level 2. HP: 19/24 MP: 3/3
   973 | D:2      | Found a snail-covered altar of Cheibriados.
   995 | D:2      | Reached skill level 1 in Axes
   995 | D:2      | Gained mutation: A weak demonic guardian rushes to your
                  | aid. [demonic ancestry]
   995 | D:2      | Reached XP level 3. HP: 23/30 MP: 4/4
  1140 | D:2      | Found a shimmering altar of Xom.
  1534 | D:3      | Noticed Jessica
  1539 | D:3      | Noticed an orc warrior
  1544 | D:3      | Killed Jessica
  1544 | D:3      | Gained mutation: You sometimes gain a little power by
                  | taking damage. [demonic ancestry]
  1544 | D:3      | Reached XP level 4. HP: 30/37 MP: 5/5
  1548 | D:3      | Reached ** piety under Lugonu
  2078 | D:3      | Killed an orc warrior
  2078 | D:3      | Reached skill level 3 in Axes
  2078 | D:3      | Reached skill level 1 in Dodging
  2078 | D:3      | Reached skill level 1 in Stealth
  2078 | D:3      | Gained mutation: You have a pair of small horns on your
                  | head. [demonic ancestry]
  2078 | D:3      | Reached XP level 5. HP: 43/43 MP: 6/6
  2181 | D:3      | Noticed Robin
  2195 | D:3      | Killed Robin
  2550 | D:3      | Found a basalt altar of Yredelemnul.
  2657 | D:3      | Gained mutation: You have a pair of horns on your head.
                  | [demonic ancestry]
  2657 | D:3      | Reached XP level 6. HP: 49/49 MP: 7/7
  2897 | D:4      | Reached *** piety under Lugonu
  2961 | D:4      | Found a sacrificial altar of Ru.
  2986 | D:4      | Reached skill level 4 in Axes
  3144 | D:4      | Found a sparkling altar of Nemelex Xobeh.
  3231 | D:4      | Found a staircase to the Ecumenical Temple.
  3422 | D:4      | Found a shadowy altar of Dithmenos.
  3648 | D:4      | Reached XP level 7. HP: 52/55 MP: 8/8
  3704 | D:5      | Entered Level 5 of the Dungeon
  3810 | D:5      | Found a shimmering altar of Xom.
  3820 | D:5      | Reached skill level 5 in Axes
  4163 | D:5      | Reached skill level 5 in Fighting
  4328 | D:5      | Learned a level 1 spell: Foxfire
  4383 | D:5      | Noticed Sigmund
  4411 | D:5      | Killed Sigmund
  4421 | D:5      | Found an ornate altar of the Wu Jian Council.
  4717 | D:6      | Gained mutation: You sometimes gain power by taking damage.
                  | [demonic ancestry]
  4717 | D:6      | Reached XP level 8. HP: 46/62 MP: 9/9
  4731 | D:6      | Reached skill level 6 in Axes
  5295 | D:6      | Reached **** piety under Lugonu
  5453 | D:6      | Reached skill level 7 in Axes
  5861 | D:7      | Reached XP level 9. HP: 56/69 MP: 10/10
  6011 | D:7      | Found a flagged portal.
  6020 | Bailey   | Entered a bailey
  6023 | Bailey   | Noticed an orc knight
  6037 | Bailey   | Shot with a bolt by an orc warrior

Illustrated notes

Levels and vault maps discovered:
D:1:      wander_arrival_peaceful_grave, layout_basic, hex_intersection
D:2:      layout_loops_ring, cheibriados_altar_1, xom_butterflies,
          feat_on_display
D:3:      layout_loops_ring, lemuel_round_altar, st_stairs_3, minmay_checkerbox,
          uniq_jessica, uniq_robin
D:4:      layout_basic, grunt_dithmenos_smoke, nicolae_overflow_crystal_walls,
          kennysheep_mini_moat, minmay_temple_entry_slanted, first_ration,
          minmay_door_square
D:5:      layout_loops_ring, marbit_many_paths, led_xom_imps, uniq_sigmund
D:6:      layout_loops_corners, minmay_manual_mail
D:7:      minmay_evil_eye, layout_rooms, gammafunk_temple_overflow_claw,
          trog_ov_bears_minmay, tso_metal_star, enter_bailey_8, serial_shops,
          nicolae_shop_trees
Bailey:   bailey_polearm_4, bailey

Skill      XL: |  1  2  3  4  5  6  7  8  9 |
---------------+----------------------------+-----
Axes           | 1 3 4 5 7 |  7.5
Fighting       | 4 5 6 |  6.1
Dodging        | 1 2 3 |  3.0
Stealth        | 1 2 3 |  3.2
Armour         | 2 3 4 |  4.6
Long Blades    | |  1.7
Unarmed Combat | |  0.1
Invocations    | |  2.6
Evocations     | |  0.4

Action                   |  1- 3 |  4- 6 |  7- 9 || total
-------------------------+-------+-------+-------++-------
Melee: Hand axe          |    83 |    98 |   142 ||   323
       Headbutt          |       |    11 |    15 ||    26
       Unarmed           |       |       |     6 ||     6
Throw: Dart              |       |       |     5 ||     5
Invok: Depart the Abyss  |     1 |       |       ||     1
Evoke: Wand              |       |     5 |     4 ||     9
  Use: Scroll            |     2 |    10 |     4 ||    16
 Stab: Sleeping          |     3 |     2 |     3 ||     8
       Distracted        |       |       |     1 ||     1
  Eat: Ration            |       |     3 |     2 ||     5
Armor: Leather armour    |    18 |    10 |       ||    28
       Ring mail         |       |    15 |    45 ||    60
       Skin              |       |       |     1 ||     1
Dodge: Dodged            |    33 |    54 |    77 ||   164

Table legend:
 A = Non-vault XP
 B = Vault XP
 C = Vault XP percentage of total XP
 D = Non-vault monster count
 E = Vault monster count
 F = Vault count percentage of total count
                 A         B        C        D         E       F
            +---------+---------+-------+---------+---------+-------
      Total |    2279 |     895 |  28.2 |     115 |      29 |  20.1
            +---------+---------+-------+---------+---------+-------
        D:1 |      18 |       0 |   0.0 |      13 |       0 |   0.0
        D:2 |      63 |       0 |   0.0 |      22 |       0 |   0.0
        D:3 |      91 |     222 |  70.9 |      22 |      20 |  47.6
        D:4 |     350 |       0 |   0.0 |      16 |       0 |   0.0
        D:5 |     238 |     353 |  59.7 |       8 |       5 |  38.5
        D:6 |    1078 |     183 |  14.5 |      26 |       3 |  10.3
        D:7 |     441 |       0 |   0.0 |       8 |       0 |   0.0
     Bailey |       0 |     137 | 100.0 |       0 |       1 | 100.0
            +---------+---------+-------+---------+---------+-------
